 Dungeon Crawl Stone Soup version 0.21-a0-632-g1e37ce5 (webtiles) character file.

12488 CanOfBees the Geomancer (level 11, -3/60 HPs)
             Began as a Gargoyle Earth Elementalist on Dec 22, 2017.
             Was a Priest of Vehumet.
             Killed from afar by a rime drake (22 damage)
             ... with a flash freeze
             ... on level 2 of the Lair of Beasts on Dec 27, 2017.
             The game lasted 00:55:31 (17604 turns).

CanOfBees the Geomancer (GrEE)                     Turns: 17604, Time: 00:55:31

Health: -3/60      AC: 16    Str: 11    XL:     11   Next: 94%
Magic:  34/44      EV: 12    Int: 20    God:    Vehumet [***...]
Gold:   264        SH:  0    Dex: 10    Spells: 16/32 levels left

rFire    . . .     SeeInvis +   v - +1 dagger (venom)
rCold    . . .     Gourm    .   (no shield)
rNeg     + . .     Faith    .   Z - +1 robe {MR+}
rPois    ∞         Spirit   .   m - +2 hat
rElec    +         Reflect  .   H - +1 cloak
rCorr    .         Harm     .   I - +0 pair of gloves
MR       ++...                  (no boots)
Stlth    ++........             w - amulet of regeneration
HPRegen  0.60/turn              Q - ring of magical power
MPRegen  0.29/turn              T - ring "Adghit" {MR+ MP+9 SInv}

@: no status effects
A: mutation resistance 1, negative energy resistance 1, electricity resistance,
unbreathing, petrification resistance, rot immunity, AC +8
a: Renounce Religion


You were on level 2 of the Lair of Beasts.
You worshipped Vehumet.
Vehumet was most pleased with you.
You were near starving.

You visited 3 branches of the dungeon, and saw 14 of its levels.

You collected 668 gold pieces.
You spent 404 gold pieces at shops.

Inventory:

Hand Weapons
 v - a +1 dagger of venom (weapon)
 A - the +5 war axe of Overwhelming Force {venom, +Fly, unknown}
   (You found it on level 2 of the Lair of Beasts)

   It poisons the flesh of those it strikes.
   It lets you fly.
Missiles
 b - 195 stones (quivered)
 g - 2 throwing nets
Armour
 m - a +2 hat (worn)
 H - a +1 cloak (worn)
 I - a +0 pair of gloves (worn)
 Z - a +1 robe of magic resistance (worn)
Jewellery
 s - an uncursed ring of protection from fire
 w - an amulet of regeneration (around neck)
 Q - a ring of magical power (left hand)
 T - the ring "Adghit" (right hand) {MR+ MP+9 SInv}
   (You bought it in a shop on level 6 of the Dungeon)

   [ring of magical power]

   It affects your resistance to hostile enchantments.
   It affects your magic capacity (+9).
   It lets you see invisible.
Wands
 a - a wand of disintegration (24)
 N - a wand of flame (52)
 O - a wand of polymorph (21)
 P - a wand of iceblast (22)
Scrolls
 f - a scroll of blinking {unknown}
 j - a scroll of vulnerability {unknown}
 n - a scroll of enchant armour {unknown}
 p - a scroll of immolation
 t - 3 scrolls of teleportation
 y - 2 scrolls of magic mapping
 z - 5 scrolls of remove curse
 S - a scroll of enchant weapon {unknown}
 U - a scroll of fear {unknown}
 W - a scroll of noise {unknown}
Potions
 c - a potion of degeneration {unknown}
 h - 2 potions of brilliance
 i - a potion of agility {unknown}
 k - 2 potions of might {unknown}
 l - 2 potions of resistance {unknown}
 r - 2 potions of cancellation {unknown}
 u - 3 potions of haste {unknown}
 x - a potion of flight {unknown}
 C - a potion of invisibility {unknown}
 E - 3 potions of curing
 G - a potion of ambrosia {unknown}
 M - 2 potions of heal wounds
Books
 e - a book of Geomancy

   Spells                             Type                      Level
   a - Sandblast                      Earth                        1
   b - Passwall                       Transmutation/Earth          2
   c - Stone Arrow                    Conjuration/Earth            3
   d - Petrify                        Transmutation/Earth          4
   e - Lee's Rapid Deconstruction     Earth                        5
Miscellaneous
 R - a lightning rod (4/4)
Comestibles
 d - 8 rations


   Skills:
 + Level 3.6 Fighting
 - Level 1.5 Dodging
 - Level 2.1 Stealth
 * Level 11.0 Spellcasting
 + Level 11.0 Conjurations
 - Level 3.0 Transmutations
 + Level 11.3 Earth Magic


You had 16 spell levels left.
You knew the following spells:

 Your Spells              Type           Power        Failure   Level  Hunger
a - Sandblast             Erth           ######       1%          1    None
b - Stone Arrow           Conj/Erth      ######       1%          3    None
c - Lee's Rapid Deconstr  Erth           ######....   1%          5    ####...
d - Passwall              Tmut/Erth      #####.....   1%          2    None
e - Petrify               Tmut/Erth      #####...     3%          4    ##.....
f - Magic Dart            Conj           ####         1%          1    None


Dungeon Overview and Level Annotations

Branches:
Dungeon (11/15)            Temple (1/1) D:7            Lair (2/6) D:11
    Orc (0/2) D:9
  Swamp: Lair:2-4    Shoals: Lair:2-4     Snake: Lair:2-4    Spider: Lair:2-4

Altars:
Dithmenos
Fedhas
Gozag
Kikubaaqudgha
Makhleb
Nemelex Xobeh
Qazlal
Sif Muna
Trog
Uskayaw
Vehumet
Xom
Yredelemnul
Zin
The Shining One

Shops:
D:6 =

Annotations:
D:3 xfalz's ghost, amateur DrVM


Innate Abilities, Weirdness & Mutations

You are resistant to torment.
Your stone body is resilient. (AC +8)
You are immune to poison.
You resist negative energy. (rN+)
You are resistant to electric shocks. (rElec)
You can survive without breathing.
You are immune to petrification.
You are immune to rotting.
You are somewhat resistant to further mutation.


Message History

Press: ? - help, Shift-Dir - straight line, f - rime drake
Aim: a rime drake (blue smoke)
The blast of sand hits the rime drake.
The rime drake is heavily wounded.
b - 195 stones The steam dragon bites you but does no damage.
The steam dragon claws you but does no damage.
The rime drake bites the plant but does no damage.
A steam dragon comes into view.
The ice encasing you melts away. The steam dragon breathes steam at you.
The ball of steam hits you!
The ball of steam hits the plant.
The steam dragon closely misses you. x2; The rime drake closely misses you.
The rime drake bites you but does no damage.
The steam dragon closely misses you. The steam dragon barely misses you. x2
The steam dragon claws you but does no damage.
The rime drake misses you. The rime drake breathes ice at you.
The flash freeze hits you!
You die...

###.......[######
(.....#
##........##..##
.D..k..
#.#....####..#.#
.....≈.
###....##...#.##
k...... #P.....######
....... #####.....#
.......###.§P##..#.##
.......DP..DDk.#....##
..........kk@§.#.....#
....####.###P#§......#
# ### ###..#....#
##......## #P.....##
##......## #.......P##
##..#.....####
#P........#..#


You could see 3 rime drakes and 3 steam dragons.

Vanquished Creatures
  Gastronok (Lair:1)
  A hydra (Lair:2)
  A two-headed ogre (D:8)
  The ghost of schizoid the Skirmisher, a novice BaMo of Okawaru (D:5)
  Maurice (D:8)
  The ghost of dracfodder the Firebug, a novice DrFE of Vehumet (D:6)
  A spiny frog (Lair:1)
  2 rime drakes (Lair:2)
  2 hippogriffs
  A wyvern (D:9)
  10 yaks (Lair:1)
  Eustachio (D:6)
  A steam dragon (Lair:2)
  4 water moccasins
  3 porcupines
  2 sky beasts
  4 ice beasts
  4 orc warriors
  4 black bears
  5 ogres
  A phantom (D:7)
  A centaur (D:5)
  7 wolves
  A crocodile (Lair:1)
  15 bullfrogs
  A wyvern skeleton (D:10)
  3 scorpions
  4 wights (D:6)
  A howler monkey (D:5)
  2 crimson imps (D:8)
  3 orc priests
  5 hounds
  3 iguanas
  Natasha (thrice) (D:3 D:6)
  9 orc wizards
  2 worker ants
  Robin (D:3)
  7 gnolls
  10 adders
  3 shadow imps
  A white imp (D:9)
  An adder skeleton (D:5)
  A worm (D:2)
  3 dart slugs
  A leopard gecko (D:2)
  43 orcs
  5 giant cockroaches
  11 goblins
  11 hobgoblins
  3 jackals (D:8)
  3 quokkas
  6 bats
  5 frilled lizards
  5 goblin skeletons (D:9)
  3 goblin zombies (D:9)
  2 hobgoblin zombies (D:9)
  6 kobolds
  An orc zombie (D:9)
  A quokka skeleton (D:4)
  10 rats
254 creatures vanquished.

Vanquished Creatures (others)
  A steam dragon (Lair:2)
  6 fungi
7 creatures vanquished.

Grand Total: 261 creatures vanquished

Notes
Turn   | Place    | Note
-------+----------+-------------------------------------------
     0 | D:1      | CanOfBees the Gargoyle Earth Elementalist began the quest for the Orb.
     0 | D:1      | Reached XP level 1. HP: 10/10 MP: 3/3
   319 | D:1      | Reached XP level 2. HP: 11/15 MP: 0/5
  1005 | D:2      | Reached XP level 3. HP: 17/19 MP: 4/7
  1010 | D:2      | Learned a level 3 spell: Stone Arrow
  1041 | D:2      | Found a glowing silver altar of Zin.
  1058 | D:2      | Found a deep blue altar of Sif Muna.
  1203 | D:2      | Reached skill level 1 in Conjurations
  1384 | D:2      | Reached XP level 4. HP: 24/24 MP: 6/8
  1684 | D:3      | Noticed xfalz's ghost (amateur DrVM)
  1959 | D:3      | Noticed Robin
  2532 | D:3      | Killed Robin
  2617 | D:3      | Noticed Natasha
  2625 | D:3      | Killed Natasha
  2625 | D:3      | Reached XP level 5. HP: 28/28 MP: 5/10
  2671 | D:3      | Learned a level 5 spell: Lee's Rapid Deconstruction
  2897 | D:3      | Found an opulent altar of Gozag.
  2897 | D:3      | Found a stormy altar of Qazlal.
  2897 | D:3      | Found a hide-covered altar of Uskayaw.
  3906 | D:4      | Reached skill level 5 in Earth Magic
  3906 | D:4      | Reached XP level 6. HP: 27/32 MP: 0/11
  4524 | D:5      | Entered Level 5 of the Dungeon
  4801 | D:5      | Noticed schizoid's ghost (novice BaMo)
  5158 | D:5      | Got a smoking robe
  5287 | D:4      | Identified the +1 robe of the Desert {rElec rC+++ Int-5 Dex-3} (You found it on level 5 of the Dungeon)
  5350 | D:5      | Reached XP level 7. HP: 20/36 MP: 6/13
  5507 | D:5      | Reached skill level 5 in Conjurations
  5625 | D:6      | Noticed Natasha
  5639 | D:6      | Killed Natasha
  5760 | D:6      | Noticed dracfodder's ghost (novice DrFE)
  5777 | D:6      | Reached XP level 8. HP: 14/41 MP: 13/15
  6609 | D:6      | Reached skill level 5 in Spellcasting
  8037 | D:6      | Noticed Natasha
  8038 | D:6      | Killed Natasha
  8231 | D:5      | Got an encrusted quarterstaff {drain}
  8428 | D:6      | Noticed Eustachio
  8440 | D:6      | Killed Eustachio
  8552 | D:6      | Reached XP level 9. HP: 45/45 MP: 4/18
  8639 | D:6      | Learned a level 2 spell: Passwall
  8661 | D:6      | Found Oreidas's Jewellery Shop.
  8912 | D:7      | Found a staircase to the Ecumenical Temple.
  8921 | Temple   | Entered the Ecumenical Temple
  9050 | Temple   | Became a worshipper of Vehumet
  9564 | D:7      | Learned a level 4 spell: Petrify
  9969 | D:7      | Reached skill level 1 in Transmutations
 10586 | D:5      | Killed schizoid's ghost
 10645 | D:6      | Killed dracfodder's ghost
 10947 | D:8      | Reached XP level 10. HP: 50/50 MP: 10/21
 11076 | D:8      | Noticed Maurice
 11384 | D:8      | Noticed a two-headed ogre
 11454 | D:8      | Reached * piety under Vehumet
 11454 | D:8      | Offered knowledge of Shock by Vehumet.
 11777 | D:8      | Killed a two-headed ogre
 12014 | D:8      | Killed Maurice
 12294 | D:8      | Found a basalt altar of Yredelemnul.
 12432 | D:9      | Found a staircase to the Orcish Mines.
 12533 | D:6      | Bought the ring "Adghit" {MR+ MP+9 SInv} for 404 gold pieces
 12823 | D:9      | Offered knowledge of Magic Dart by Vehumet.
 12831 | D:9      | Learned a level 1 spell: Magic Dart
 12843 | D:9      | Found a glowing golden altar of the Shining One.
 13137 | D:9      | Identified the +6 quarterstaff "Ythuilif" {drain, rC+} (You took it off an orc wizard on level 5 of the Dungeon)
 13494 | D:10     | Entered Level 10 of the Dungeon
 13594 | D:10     | Reached ** piety under Vehumet
 14143 | D:11     | Identified Louzeh's Guide on Ghastly Shape Shifting
 14246 | D:11     | Reached skill level 10 in Earth Magic
 14341 | D:11     | Reached skill level 10 in Conjurations
 14407 | D:10     | Upgraded the game from 0.21-a0-615-g8e08f28 to 0.21-a0-621-gc60411f
 14819 | D:11     | Found a staircase to the Lair.
 15014 | D:11     | Reached XP level 11. HP: 54/54 MP: 24/24
 15093 | D:11     | Got a steaming rapier
 15095 | D:11     | Identified the +4 rapier "Loopy" {pierce, Str+4 Dex+4} (You found it on level 11 of the Dungeon)
 15195 | Lair:1   | Entered Level 1 of the Lair of Beasts
 15246 | Lair:1   | Gained mutation: You are clumsy. (Dex -2) [potion of mutation]
 15246 | Lair:1   | Gained mutation: Your large and strong wings let you fly indefinitely. [potion of mutation]
 15247 | Lair:1   | Lost mutation: You are clumsy. (Dex -2) [potion of mutation]
 15247 | Lair:1   | Lost mutation: Your large and strong wings let you fly indefinitely. [potion of mutation]
 15247 | Lair:1   | Gained mutation: You are somewhat resistant to further mutation. [potion of mutation]
 15260 | Lair:1   | Got a smoking jade ring
 15398 | Lair:1   | Reached skill level 10 in Spellcasting
 15577 | Lair:1   | Offered knowledge of Static Discharge by Vehumet.
 15734 | Lair:1   | Reached skill level 1 in Fighting
 15760 | Lair:1   | Identified the ring "Okegruggi" {Ice +Fly rPois rN+++ Int-3} (You found it on level 1 of the Lair of Beasts)
 15879 | Lair:1   | Noticed Sonja
 15882 | Lair:1   | Noticed Sonja
 15882 | Lair:1   | Sonja changed into Sonja the ice beast
 15885 | Lair:1   | Killed Sonja the ice beast
 16038 | Lair:1   | Noticed Gastronok
 16057 | Lair:1   | Killed Gastronok
 16057 | Lair:1   | Reached *** piety under Vehumet
 16962 | Lair:1   | Upgraded the game from 0.21-a0-621-gc60411f to 0.21-a0-632-g1e37ce5
 17103 | Lair:2   | Got a smoking war axe
 17169 | Lair:2   | Noticed a four-headed hydra
 17172 | Lair:2   | Killed a four-headed hydra
 17604 | Lair:2   | Killed from afar by a rime drake

Vault maps used:
D:1:      enne_arrival_octagon_isle, interstate_on_off, due_unseen_surprise
D:2:      led_sif_pool, zin_scriptorium
D:3:      gammafunk_temple_overflow_claw, uniq_natasha, uniq_robin
D:4:      first_ration
D:5:      kennysheep_potato
D:6:      serial_shops, shop, nrook_pool_corridor, minivault_25, uniq_eustachio
D:7:      lemuel_temple_firewalk_b
D:8:      lemuel_round_altar, uniq_maurice
D:9:      nicolae_tso_besieged_by_evil, orc_0_dummy
D:11:     grunt_lair_entry_orc_guard_hut
Temple:   regret_index_temple_generic_petals
Lair:1:   uniq_gastronok, uniq_sonja
Lair:2:   basic_altar, bobbens_dragon_lair_wall

Skill      XL: |  1  2  3  4  5  6  7  8  9 10 11 |
---------------+----------------------------------+-----
Earth Magic    | 4 5 6 7 8 10 11 | 11.3
Spellcasting   | 3 4 6 7 9 11 | 11.0
Conjurations   | 1 2 3 4 6 7 8 10 11 | 11.0
Transmutations | 3 |  3.0
Fighting       | 3 |  3.6
Dodging        | |  1.5
Stealth        | |  2.1

Action                   |  1- 3 |  4- 6 |  7- 9 | 10-12 || total
-------------------------+-------+-------+-------+-------++-------
Melee: Dagger            |    62 |     6 |   105 |   131 ||   304
       Short sword       |     4 |    20 |       |       ||    24
       Falchion          |       |    35 |       |       ||    35
       Great mace        |       |     5 |    19 |    27 ||    51
       Quarterstaff      |       |       |       |     8 ||     8
Throw: Stone             |       |     2 |     3 |     7 ||    12
 Cast: Sandblast         |    21 |    81 |    59 |    68 ||   229
       Stone Arrow       |     2 |     8 |    18 |    68 ||    96
       Lee's Rapid Decon |       |     2 |    26 |    39 ||    67
       Magic Dart        |       |       |       |     2 ||     2
       Petrify           |       |       |       |     2 ||     2
Evoke: Wand              |       |       |       |     4 ||     4
  Use: Scroll            |       |     3 |     1 |    11 ||    15
       Potion            |       |       |     1 |     4 ||     5
 Stab: Sleeping          |       |     1 |     1 |       ||     2
       Petrified         |       |       |       |     5 ||     5
       Petrifying        |       |       |       |     1 ||     1
  Eat: Chunk             |     2 |    10 |    11 |    16 ||    39
       Ration            |       |     1 |     4 |     4 ||     9
Armor: Robe              |    20 |    60 |    75 |   130 ||   285
Dodge: Dodged            |    51 |   112 |   111 |   165 ||   439
       Rpst.: Falchion   |       |    15 |     3 |       ||    18

Table legend:
 A = Spawn XP
 B = Non-spawn XP
 C = Spawn XP percentage of total XP
 D = Spawn monster count
 E = Non-spawn monster count
 F = Spawn count percentage of total count
 G = Total turns spent on level
                    A         B        C        D         E        F      G
               +---------+---------+-------+---------+---------+-------+---------
         Total |       0 |   17841 |   0.0 |       0 |     255 |   0.0 | 17604
               +---------+---------+-------+---------+---------+-------+---------
           D:1 |       0 |      29 |   0.0 |       0 |      19 |   0.0 |  1230
           D:2 |       0 |      91 |   0.0 |       0 |      29 |   0.0 |  1765
           D:3 |       0 |     128 |   0.0 |       0 |      17 |   0.0 |   934
           D:4 |       0 |     178 |   0.0 |       0 |      12 |   0.0 |  1804
           D:5 |       0 |    1003 |   0.0 |       0 |      18 |   0.0 |  1485
           D:6 |       0 |    2022 |   0.0 |       0 |      29 |   0.0 |  1777
           D:7 |       0 |    1090 |   0.0 |       0 |      21 |   0.0 |  2306
           D:8 |       0 |    2551 |   0.0 |       0 |      26 |   0.0 |  1026
           D:9 |       0 |     973 |   0.0 |       0 |      26 |   0.0 |  1048
          D:10 |       0 |     175 |   0.0 |       0 |       4 |   0.0 |   741
          D:11 |       0 |    1007 |   0.0 |       0 |      20 |   0.0 |   924
        Lair:1 |       0 |    6224 |   0.0 |       0 |      25 |   0.0 |  1790
        Lair:2 |       0 |    2370 |   0.0 |       0 |       9 |   0.0 |   613
               +---------+---------+-------+---------+---------+-------+---------
